 Dungeon Crawl Stone Soup version 0.30-a0-883-g5ad918d (webtiles) character file.

Game seed: 4566714414069260964

66 Meow the Sneak (level 4, 36/36 HPs)
             Began as a Naga Conjurer on Feb 28, 2023.
             Quit the game on level 3 of the Dungeon on Mar 15, 2023.
             The game lasted 00:06:49 (2145 turns).

Meow the Sneak (Naga Conjurer)                      Turns: 2145, Time: 00:06:49

Health: 36/36      AC:  3    Str: 12    XL:     4   Next: 15%
Magic:  4/7        EV: 10    Int: 20    God:
Gold:   182        SH:  5    Dex: 13    Spells: 4/7 levels left

rFire   . . .      SeeInvis +    w - +7 dagger "Muhitem" {elec, Str+3 Dex+3}
rCold   . . .      Faith    .    (no shield)
rNeg    . . .      Spirit   .    d - +0 robe
rPois   +          Reflect  +    (no helmet)
rElec   .          Rampage  .    g - +0 cloak
rCorr   .                        (no gloves)
Will    .....                    (no barding)
Stlth   +++                      o - amulet of reflection
HPRegen 0.26/turn                (no ring)
MPRegen 0.10/turn                (no ring)

@: short of breath, very slow
A: AC +1, large, see invisible, deformed body, poison resistance, slowness 2,
spit poison 1, naga tail 1
a: Spit Poison


You were on level 3 of the Dungeon.
You visited 1 branch of the dungeon, and saw 3 of its levels.

You collected 182 gold pieces.

Inventory:

Hand Weapons
 w - the +7 dagger "Muhitem" (weapon) {elec, Str+3 Dex+3}
   (You found it on level 2 of the Dungeon)

   Str:       It affects your strength (+3).
   Dex:       It affects your dexterity (+3).
Missiles
 c - 29 stones
 m - 4 silver boomerangs
Armour
 d - a +0 robe (worn)
 g - a +0 cloak (worn)
Magical Staves
 n - a staff of air
Jewellery
 o - an amulet of reflection (around neck)
Scrolls
 f - a scroll of summoning {unknown}
 h - 2 scrolls of vulnerability {unknown}
 k - a scroll of immolation {unknown}
 l - a scroll of blinking {unknown}
Potions
 a - a potion of ambrosia {unknown}
 b - a potion of magic
 e - 2 potions of might {unknown}
 i - 2 potions of attraction {unknown}
 j - 2 potions of haste {unknown}
 p - a potion of berserk rage {unknown}
 q - a potion of curing {unknown}


   Skills:
 - Level 1.5 Dodging
 - Level 6.0 Stealth
 + Level 2.3 Spellcasting
 + Level 4.2 Conjurations


You had 4 spell levels left.
You knew the following spells:

 Your Spells              Type           Power      Damage    Failure   Level
a - Magic Dart            Conj           76%        1d6       2%          1
b - Searing Ray           Conj           38%        2d5       4%          2

Your spell library contained the following spells:

 Spells                   Type           Power      Damage    Failure   Level
 Dazzling Flash           Conj/Hex       20%        N/A       19%         3
 Fulminant Prism          Conj/Hex       5%         3d7       54%         4
 Iskenderun's Mystic Bla  Conj/Tloc      10%        2d4       54%         4


Dungeon Overview and Level Annotations

Branches:
Dungeon (3/15)

Altars:


Innate Abilities, Weirdness & Mutations

Your serpentine skin is tough. (AC +1)
You have supernaturally acute eyesight. (SInv)
Armour fits poorly on your strangely shaped body.
Your system is resistant to poisons. (rPois)
You cover ground very slowly.
You can spit poison.
You have a snake-like lower body.


Message History

You have got your breath back.
You hit the jackal.
You kill the jackal!
You start resting.
HP restored.
You start resting.
Magic restored.
You see here a jackal corpse.
o - an amulet of reflection You start putting on your amulet.
You continue putting on your amulet of reflection. x5
You finish putting on your amulet of reflection.
You feel a shielding aura gather around you.
o - an amulet of reflection (around neck)
p - a fizzy clear potion
Found a stone staircase leading up.
q - a metallic emerald potion A bat comes into view.
The bat closely misses you.
You hit the bat. Lightning courses through the bat!
You kill the bat!
An adder comes into view.
The adder hisses angrily.
Aiming: Spit Poison (2% risk of failure)
Press: ? - help, Shift-Dir - straight line, f - adder
Aim: an adder (37% to hit)
The splash of poison hits the adder.
The adder is poisoned.
The adder is moderately wounded.
Unknown command.
Casting: Searing Ray (safe; 4% risk of failure)
Confirm with . or Enter, or press ? or * to list all spells.
Aiming: Searing Ray (safe; 4% risk of failure)
Press: ? - help, Shift-Dir - straight line, f/p - adder
Aim: an adder (moderately wounded, poisoned, 63% to hit)
The searing ray hits the adder!
You kill the adder! (Press . to maintain the ray.)
You have reached level 4!
You feel agile.
Are you sure you want to abandon this character and quit the game? (Confirm with "yes".)

#.# #.......### #.#
#####.#####.... #.#
#..........#### #.#
#.###.####.# # #.#
###.###.####.# # ##.##
##............# #
#...####......#.###<<#
#
#.........#.#.#.###..#
#
#...####@##.#.#...#..#
# ##..#
#.##.#.##...[.####
#..#
#.##.#............
#..#
#.##.####.....###.
#..#
#.##..............
#..#
#.########...####.
#..# #.# #...# #. ...
###...## #.
#....#.###.


There were no monsters in sight!

Vanquished Creatures
  2 adders
  3 dart slugs
  6 bats
  4 endoplasms
  5 goblins
  3 hobgoblins
  3 jackals (D:3)
  A quokka (D:3)
  3 ball pythons
  4 frilled lizards
  4 kobolds
  4 rats
42 creatures vanquished.

Notes
Turn   | Place    | Note
-------+----------+-------------------------------------------
     0 | D:1      | Meow the Naga Conjurer began the quest for the Orb.
     0 | D:1      | Reached XP level 1. HP: 15/15 MP: 3/3
     0 | D:1      | Upgraded the game from 0.30-a0-830-gfe289a7 to
                  | 0.30-a0-883-g5ad918d
   277 | D:1      | Reached skill level 4 in Stealth
   314 | D:1      | Reached XP level 2. HP: 22/22 MP: 1/5
   317 | D:1      | Learned a level 2 spell: Searing Ray
   620 | D:1      | Reached skill level 5 in Stealth
   889 | D:2      | Reached XP level 3. HP: 28/28 MP: 3/6
   962 | D:2      | Identified the +7 dagger "Muhitem" {elec, Str+3 Dex+3}
  1073 | D:2      | You fall into a shaft and drop 1 floor!
  1232 | D:2      | Reached skill level 6 in Stealth
  2145 | D:3      | Reached XP level 4. HP: 36/36 MP: 4/7
  2145 | D:3      | Quit the game

Illustrated notes

Levels and vault maps discovered:
D:1:      dpeg_arrival_arbitrary_a, layout_basic
D:2:      layout_basic
D:3:      layout_loops_ring

Skill      XL: |  1  2  3 |
---------------+----------+-----
Stealth        | 4 5 6 |  6.0
Dodging        | |  1.5
Spellcasting   | |  2.3
Conjurations   | |  4.2

Action                     |  1- 3 |  4- 6 || total
---------------------------+-------+-------++-------
  Melee: Dagger            |     5 |       ||     5
   Cast: Magic Dart        |    33 |       ||    33
         Searing Ray       |     6 |       ||     6
Ability: Spit Poison       |    25 |       ||    25
 Armour: Robe              |     1 |       ||     1
  Dodge: Dodged            |     3 |       ||     3

Table legend: (Time is in decaauts)
 A = Elapsed time spent in this place.
 B = Non-inter-level travel time spent in this place.
 C = Inter-level travel time spent in this place.
 D = Time resting spent in this place.
 E = Time spent auto-exploring this place.
 F = Levels seen in this place.
 G = Mean time per level.
                   A        B        C        D        E       F      G
               +--------+--------+--------+--------+--------+-----+--------+
         Total |   2755 |   2704 |     51 |    456 |   1959 |   3 |  918.3 |
       Dungeon |   2755 |   2704 |     51 |    456 |   1959 |   3 |  918.3 |
               +--------+--------+--------+--------+--------+-----+--------+

Top non-repeatable levels by time:
     D:1: 1002 daAuts
     D:2: 975 daAuts
     D:3: 776 daAuts
